Map: Ulrena

Players

dvojkroj

  • Race: Terran Terran
  • League: Silver
  • Spawn Location: 7:00

zidar - Winner!

  • Race: Zerg Zerg
  • League: Silver
  • Spawn Location: 11:00

VOD

Have the link to the VOD?

Description

Time

  • Played on: Jan. 13, 2016, 10:57 a.m.
  • Length: 5:12
Show
View Real Time Build Order
Export as new Build Order

dvojkroj Terran 

Build Orders:  

Get SALT Encoding   

  12  0:01  SCV  
  13  0:13  SCV  
  14  0:20  Supply Depot  
  14  0:25  SCV  
  15  0:41  SCV  
  16  0:44  Barracks  
  16  0:51  Supply Depot  
  16  0:56  SCV  
  17  0:58  Refinery  
  17  1:08  SCV  
  18  1:20  SCV  
  19  1:31  Barracks  
  19  1:32  Marine  
  19  1:39  Orbital Command  
  20  1:43  Refinery  
  20  1:59  Marine  
  21  2:13  Command Center  
  21  2:19  Barracks Reactor  
  21  2:35  Engineering Bay  
  21  2:38  Marine  
  22  2:49  Factory  
  22  2:55  SCV  
  23  3:09  Barracks  
  23  3:13  Marine  
  23  3:16  Marine  
  23  3:17  Barracks Tech Lab  
  23  3:19  SCV  
  26  3:39  Marauder  
  28  3:42  Marine x2  
  30  3:50  Supply Depot  
  30  3:57  Starport  
  30  4:00  Marine x2  
  30  4:01  Factory Tech Lab  
  32  4:12  Orbital Command  
  32  4:18  Marine  
  32  4:23  Marauder  
  35  4:27  Barracks Reactor  
  28  4:44  Marine x2  
  25  4:54  SCV  
Show
View Real Time Build Order
Export as new Build Order

zidar Zerg - Winner!

Build Orders: Pool First 

Get SALT Encoding   

  12  0:02  Drone  
  13  0:12  Overlord  
  13  0:17  Drone  
  14  0:30  Drone x2  
  16  0:36  Drone  
  17  0:46  Spawning Pool  
  16  0:50  Drone  
  17  1:17  Hatchery  
  16  1:19  Drone  
  16  1:22  Extractor  
  16  1:29  Drone  
  16  1:31  Drone  
  18  1:34  Overlord  
  18  1:45  Overlord  
  18  1:51  Queen  
  20  2:11  Roach Warren  
  19  2:38  Queen  
  23  2:51  Roach  
  23  2:52  Roach x3  
  23  2:57  Roach  
  31  3:23  Ravager  
  32  3:28  Ravager  
  33  3:49  Hatchery  
  33  3:54  Extractor  
  31  4:17  Queen  
  31  4:20  Drone x11  
Tags
 
Matchup
TvZ
Opening
Pool First
Spawn Locations
Close Positions
Add a new tag
Caveats
  • Supply blocks, unpowered buildings, or Contaminate may cause inaccurate times.
  • Supply counts are checked every 10 seconds.